 Dungeon Crawl Stone Soup version 0.26-a0-651-gb41185065b (webtiles) character file.

Game seed: 16443134675649885184

4 Irenicus the Slasher (level 1, -1/19 HPs)
             Began as a Minotaur Chaos Knight on Oct 28, 2020.
             Was a Plaything of Xom.
             Slain by a goblin
             ... wielding a +0 club
              (6 damage)
             ... on level 1 of the Dungeon.
             The game lasted 00:00:21 (92 turns).

Irenicus the Slasher (Minotaur Chaos Knight)          Turns: 92, Time: 00:00:21

Health: -1/19      AC:  5    Str: 16    XL:     1   Next: 58%
Magic:  0/0        EV: 11    Int:  9    God:    Xom [..*...]
Gold:   0          SH:  0    Dex:  9    Spells: 0/0 levels left

rFire    . . .     SeeInvis .   a - +0 falchion (chaos)
rCold    . . .     Faith    .   (no shield)
rNeg     . . .     Spirit   .   b - +2 leather armour
rPois    .         Reflect  .   (helmet restricted)
rElec    .         Harm     .   (no cloak)
rCorr    .         Rampage  .   (no gloves)
MR       .....                  (no boots)
Stlth    +.........             (no amulet)
HPRegen  0.06/turn              (no ring)
MPRegen  0.07/turn              (no ring)

@: no status effects
A: retaliatory headbutt, horns 2
a: Renounce Religion


You were on level 1 of the Dungeon.
You worshipped Xom.
You were a toy of Xom.
You visited 1 branch of the dungeon, and saw 1 of its levels.

Inventory:

Hand Weapons
 a - a +0 falchion of chaos (weapon)
Armour
 b - a +2 leather armour (worn)
 d - a +1 pair of boots
   (You found it on level 1 of the Dungeon)
Scrolls
 e - a scroll of remove curse {unknown}
Potions
 c - a potion of curing {unknown}


   Skills:
 - Level 3.6 Fighting
 + Level 4.1 Long Blades
 - Level 2.4 Armour
 - Level 1.1 Dodging


You couldn't memorise any spells.
You didn't know any spells.
Your spell library was empty.

Dungeon Overview and Level Annotations

Branches:
Dungeon (1/15)

Altars:


Innate Abilities, Weirdness & Mutations

You reflexively headbutt those who attack you in melee.
You have a pair of horns on your head.


Message History

Welcome, Irenicus the Minotaur Chaos Knight.
The bosom of this dungeon contains the fabled artefact, the Orb of Zot.
Xom says: A new plaything!
Press ? for a list of commands and other information.
Found a staircase leading out of the dungeon.
You open the door.
There is an open door here.
You open the door.
There is an open door here.
There is an open door here.
A hobgoblin comes into view. It is wielding a +0 club.
The hobgoblin shouts!
You aren't carrying any pieces of jewellery.
You slash the hobgoblin!
You kill the hobgoblin!
You see here a +0 club.
c - a fuming green potion A bat comes into view.
A leopard gecko comes into view.
The leopard gecko hisses angrily.
The bat hits you but does no damage.
There are monsters nearby!
The bat barely misses you.
You barely miss the leopard gecko. The bat hits you but does no damage.
The leopard gecko bites you.
You take 2 damage, and have 17/19 hp.
You barely miss the leopard gecko. Your headbutt misses the leopard gecko.
The bat hits you but does no damage. The leopard gecko barely misses you.
You barely miss the leopard gecko. Your headbutt misses the leopard gecko.
The bat hits you but does no damage. The leopard gecko bites you. x2
You take 5 damage, and have 12/19 hp.
MASSIVE DAMAGE!!
You closely miss the leopard gecko. Your headbutt misses the leopard gecko.
The bat barely misses you. You furiously retaliate!
You headbutt the bat.
You kill the bat!
The leopard gecko bites you but does no damage.
You hit the leopard gecko. You burn the leopard gecko.
Your headbutt misses the leopard gecko.
The leopard gecko is severely wounded.
The leopard gecko bites you but does no damage.
You barely miss the leopard gecko.
The leopard gecko is severely wounded.
The leopard gecko barely misses you.
The leopard gecko bites you but does no damage.
You closely miss the leopard gecko. Your headbutt misses the leopard gecko.
The leopard gecko is heavily wounded.
The leopard gecko bites you but does no damage.
You hit the leopard gecko.
The leopard gecko flickers and vanishes!
Deactivating autopickup; reactivate with Ctrl-A.
Something bites you but does no damage.
You barely miss something. Something bites you.
Something bites you but does no damage.
You take 1 damage, and have 11/19 hp.
You hit something. You burn something.
Reactivating autopickup.
Your Long Blades skill increases to level 4!
You feel a bit more experienced.
You see here a leopard gecko corpse.
A dart slug comes into view.
The dart slug launches a dart at you.
The slug dart hits you but does no damage.
The dart slug launches a dart at you. The slug dart hits you!
* * * LOW HITPOINT WARNING * * *
You take 7 damage, and have 5/19 hp.
MASSIVE DAMAGE!!
d - a pair of runed boots
Okay, then.
A goblin comes into view. It is wielding a +0 club.
The goblin shouts!
The goblin moves out of view.
e - a scroll labeled MOIVITIUWI The goblin hits you but does no damage.
You closely miss the goblin. Your headbutt misses the goblin.
The goblin hits you with a +0 club.
You die...

.....#.
####.......
#..........
#[.........
#........(.
+..........
#...g.w.... +..@#
..... ##..###.....
#....#....w.
##..#(........
#..###........
#...#..#######+###
#.#....†.........#
#.##.............#
#
#.?..............#
.#


You could see a dart slug and a goblin.

Vanquished Creatures
  A leopard gecko (D:1)
  A bat (D:1)
  A hobgoblin (D:1)
3 creatures vanquished.

Notes
Turn   | Place    | Note
-------+----------+-------------------------------------------
     0 | D:1      | Irenicus the Minotaur Chaos Knight began the quest for the
                  | Orb.
     0 | D:1      | Reached XP level 1. HP: 19/19 MP: 0/0
    81 | D:1      | Reached skill level 4 in Long Blades
    92 | D:1      | Slain by a goblin

Illustrated notes

Levels and vault maps discovered:
D:1:      lightli_arrival_quake, layout_basic, chequers_serial_rivers_room_a,
          minmay_pentomino_x2

Skill      XL: |  1 |
---------------+----+-----
Long Blades    | 4 |  4.1
Fighting       | |  3.6
Armour         | |  2.4
Dodging        | |  1.1

Action                   || total
-------------------------++-------
Melee: Falchion          ||    12
Armor: Leather armour    ||    11
Dodge: Dodged            ||     4

Table legend: (Time is in decaauts)
 A = Elapsed time spent in this place.
 B = Non-inter-level travel time spent in this place.
 C = Inter-level travel time spent in this place.
 D = Time resting spent in this place.
 E = Time spent auto-exploring this place.
 F = Levels seen in this place.
 G = Mean time per level.
                   A        B        C        D        E       F      G
               +--------+--------+--------+--------+--------+-----+--------+
         Total |     93 |     93 |      0 |      0 |     58 |   1 |   93.0 |
       Dungeon |     93 |     93 |      0 |      0 |     58 |   1 |   93.0 |
               +--------+--------+--------+--------+--------+-----+--------+

Top non-repeatable levels by time:
     D:1: 93 daAuts

Table legend:
 A = Kills in this place as a percentage of kills in entire the game.
 B = Kills by you in this place as a percentage of kills by you in the entire game.
 C = Kills by friends in this place as a percentage of kills by friends in the entire game.
 D = Other kills in this place as a percentage of other kills in the entire game.
 E = Experience gained in this place as a percentage of experience gained in the entire game.
 F = Experience gained in this place divided by the number of levels of this place that you have seen.
                   A       B       C       D       E      F
               +-------+-------+-------+-------+-------+----------------------
         Total | 100.0 | 100.0 |   N/A |   N/A | 100.0 |   7.0
       Dungeon | 100.0 | 100.0 |   N/A |   N/A | 100.0 |   7.0
               +-------+-------+-------+-------+-------+----------------------
